[Event "European Online Club-ch-A 2021"]
[Site "Online"]
[Date "2021.03.27"]
[Round "5.1"]
[White "Deac, Bogdan-Daniel"]
[Black "Horvath, Laszlo"]
[Result "1-0"]
[ECO "A01"]
[WhiteElo "2625"]
[BlackElo "2183"]
[Annotator "ChessBase"]
[PlyCount "49"]
[EventDate "2021.03.27"]
[EventType "team-tourn"]
[EventCountry "NET"]
[SourceTitle "playchess.com"]
[Source "ChessBase"]
[SourceQuality "1"]
[TimeControl "900+5"]

1. b3 e5 2. Bb2 Nc6 3. e3 d5 4. Nf3 Bd6 5. Bb5 f6 6. c4 dxc4 7. bxc4 Bd7 8. O-O Nh6 9. d4 exd4 10. exd4 Nf7 11. Re1+ Kf8 12. Nbd2 a6 13. Ba4 Ne7 14. Bb3 Bf5 15. Ne4 Qd7 16. d5 Bxe4 17. Rxe4 Re8 18. Nd4 Ng5 19. Re3 Ng6 20. Ne6+ Nxe6 21. dxe6 Qe7 22. Qf3 Ne5 23. Bxe5 Bc5 24. Ree1 Qxe6 25. Bc3 1-0

[Event "European Online Club-ch-A 2021"]
[Site "Online"]
[Date "2021.03.27"]
[Round "5.2"]
[White "Krieger, Markus"]
[Black "Istratescu, Andrei"]
[Result "0-1"]
[ECO "B23"]
[WhiteElo "2050"]
[BlackElo "2553"]
[Annotator "ChessBase"]
[PlyCount "54"]
[EventDate "2021.03.27"]
[EventType "team-tourn"]
[EventCountry "NET"]
[SourceTitle "playchess.com"]
[Source "ChessBase"]
[SourceQuality "1"]
[TimeControl "900+5"]

1. e4 c5 2. Nc3 Nc6 3. Bb5 g6 4. Bxc6 bxc6 5. d3 Bg7 6. f4 d6 7. Nf3 Nf6 8. O-O O-O 9. Qe1 Ne8 10. Be3 f5 11. e5 Nc7 12. Rd1 Kh8 13. Qh4 Be6 14. Rde1 Bg8 15. Bf2 Ne6 16. Ng5 Nxg5 17. Qxg5 Rb8 18. Nd1 Re8 19. Bh4 dxe5 20. fxe5 c4 21. dxc4 Bxc4 22. Rf2 Be6 23. Rd2 Qa5 24. a3 h6 25. Qe3 g5 26. Bf2 f4 27. Qxa7 Qxd2 0-1

[Event "European Online Club-ch-A 2021"]
[Site "Online"]
[Date "2021.03.27"]
[Round "5.3"]
[White "Marin, Mihail"]
[Black "Ferster, Fabian"]
[Result "1-0"]
[ECO "D78"]
[WhiteElo "2502"]
[BlackElo "2149"]
[Annotator "ChessBase"]
[PlyCount "149"]
[EventDate "2021.03.27"]
[EventType "team-tourn"]
[EventCountry "NET"]
[SourceTitle "playchess.com"]
[Source "ChessBase"]
[SourceQuality "1"]
[TimeControl "900+5"]

1. d4 Nf6 2. Nf3 g6 3. g3 Bg7 4. Bg2 O-O 5. O-O d5 6. Nbd2 c6 7. c4 Re8 8. b3 Bg4 9. h3 Bxf3 10. Nxf3 Nbd7 11. Bb2 a5 12. Qc2 a4 13. Rab1 axb3 14. axb3 Ra2 15. Ra1 Rxa1 16. Rxa1 Qb6 17. e3 Ne4 18. Ne1 e5 19. dxe5 Nxe5 20. cxd5 cxd5 21. Bd4 Qc6 22. Qb2 f6 23. Rc1 Qd7 24. Rd1 Qb5 25. Bf1 Qb4 26. Nd3 Qd6 27. Bg2 Nc6 28. Nf4 Nxd4 29. Qxd4 f5 30. Qxd5+ Qxd5 31. Nxd5 Ra8 32. Bxe4 fxe4 33. Nc7 Rc8 34. Rd7 Be5 35. Nd5 Rc5 36. Nf4 Bxf4 37. gxf4 Rb5 38. Rd4 Rxb3 39. Rxe4 Rb1+ 40. Kg2 Kf7 41. Rc4 h5 42. Rc7+ Kf6 43. h4 b5 44. Rb7 b4 45. Kf3 b3 46. Rb6+ Kf7 47. Ke4 b2 48. Ke5 Kg7 49. Rb7+ Kh6 50. Kf6 Rh1 51. Rxb2 Rxh4 52. Rb8 Kh7 53. f5 gxf5 54. Kxf5 Rh2 55. f4 h4 56. Kg4 h3 57. Re8 Kg6 58. Rh8 Rg2+ 59. Kxh3 Re2 60. Re8 Kf7 61. Re5 Kf6 62. Kg3 Re1 63. Kf3 Rf1+ 64. Ke4 Rd1 65. Rd5 Ra1 66. Rd6+ Ke7 67. Rb6 Ra3 68. f5 Kf7 69. Kf4 Ke7 70. e4 Ra4 71. f6+ Kf7 72. Kf5 Ra5+ 73. e5 Ra1 74. Rb7+ Kf8 75. Rb8+ 1-0

[Event "European Online Club-ch-A 2021"]
[Site "Online"]
[Date "2021.03.27"]
[Round "5.4"]
[White "Weissenhofer, Jonas"]
[Black "Arkell, Keith C"]
[Result "0-1"]
[ECO "B13"]
[WhiteElo "1719"]
[BlackElo "2381"]
[Annotator "NA"]
[PlyCount "46"]
[EventDate "2021.03.27"]
[EventType "team-tourn"]
[EventCountry "NET"]
[SourceTitle "playchess.com"]
[Source "ChessBase"]
[SourceQuality "1"]
[TimeControl "900+5"]

1. e4 c6 2. d4 d5 3. exd5 cxd5 4. Bd3 Nc6 5. c3 Nf6 6. Bf4 Bg4 7. Qb3 Qd7 8. Nd2 e6 9. Ngf3 Bxf3 10. Nxf3 Bd6 11. Bxd6 Qxd6 12. O-O O-O 13. Rae1 Qc7 14. Ne5 Nxe5 15. Rxe5 Rab8 16. f4 g6 17. Qc2 b5 18. f5 Ng4 19. fxe6 fxe6 20. Rxf8+ Rxf8 21. Bxg6 Nxe5 22. dxe5 Qb6+ 23. Kh1 Rf1# 0-1

[Event "European Online Club-ch-A 2021"]
[Site "Online"]
[Date "2021.03.27"]
[Round "5.6"]
[White "Kamsky, Gata"]
[Black "Nemeth, Miklos"]
[Result "0-1"]
[ECO "C91"]
[WhiteElo "2665"]
[BlackElo "2488"]
[Annotator "ChessBase"]
[PlyCount "140"]
[EventDate "2021.03.27"]
[EventType "team-tourn"]
[EventCountry "NET"]
[SourceTitle "playchess.com"]
[Source "ChessBase"]
[SourceQuality "1"]
[TimeControl "900+5"]

1. e4 e5 2. Nf3 Nc6 3. Bb5 a6 4. Ba4 Nf6 5. O-O Be7 6. Re1 b5 7. Bb3 d6 8. c3 O-O 9. d4 Bg4 10. d5 Nb8 11. h3 Bh5 12. Nbd2 c5 13. dxc6 Nxc6 14. Nf1 Na5 15. Bc2 Re8 16. Ng3 Bg6 17. a4 Qb6 18. Nh4 b4 19. cxb4 Nc6 20. b5 axb5 21. Be3 Qb7 22. Nxg6 hxg6 23. h4 Rec8 24. axb5 Qxb5 25. Rxa8 Rxa8 26. b3 Nb4 27. Bb1 Rc8 28. Bg5 Qb6 29. Nf1 Kf8 30. Nd2 d5 31. exd5 Bc5 32. Qf3 Nbxd5 33. Nc4 Qb4 34. Bd2 Qb8 35. Nxe5 Bb4 36. Qd3 Bxd2 37. Qxd2 Qxb3 38. Ba2 Qc2 39. Qxc2 Rxc2 40. Bxd5 Nxd5 41. Nd7+ Kg8 42. Re8+ Kh7 43. g3 Nf6 44. Nf8+ Kh6 45. Re7 g5 46. hxg5+ Kxg5 47. Rxf7 Kh6 48. Ne6 Ng4 49. Kg2 g6 50. Rf4 Kh5 51. Rf8 g5 52. Nd4 Rb2 53. Nc6 Kg6 54. Ne7+ Kg7 55. Rf3 Re2 56. Nf5+ Kg6 57. Nd4 Rd2 58. Ne6 Re2 59. Nc5 Rc2 60. Nd3 Rd2 61. Nb4 Rb2 62. Nd5 Re2 63. Nc3 Rc2 64. Ne4 Re2 65. Nc5 Rc2 66. Nd3 Rd2 67. Nb4 Ne5 68. Rf8 Ng4 69. Nc6 Kg7 70. Rf5 Ne3+ 0-1

[Event "European Online Club-ch-A 2021"]
[Site "Online"]
[Date "2021.03.27"]
[Round "5.7"]
[White "Kovacs, Gabor"]
[Black "Timofeev, Artyom"]
[Result "1/2-1/2"]
[ECO "D78"]
[WhiteElo "2455"]
[BlackElo "2594"]
[Annotator "ChessBase"]
[PlyCount "31"]
[EventDate "2021.03.27"]
[EventType "team-tourn"]
[EventCountry "NET"]
[SourceTitle "playchess.com"]
[Source "ChessBase"]
[SourceQuality "1"]
[TimeControl "900+5"]

1. d4 Nf6 2. Nf3 g6 3. g3 Bg7 4. Bg2 d5 5. O-O O-O 6. c4 dxc4 7. Na3 c6 8. Nxc4 Be6 9. Qc2 Qc8 10. Bd2 Bd5 11. Rac1 Nbd7 12. Rfe1 Be4 13. Qb3 Bd5 14. Qc2 Be4 15. Qb3 Bd5 16. Qc2 1/2-1/2

[Event "European Online Club-ch-A 2021"]
[Site "Online"]
[Date "2021.03.27"]
[Round "5.8"]
[White "Sharafiev, Azat"]
[Black "Csonka, Attila Istvan"]
[Result "0-1"]
[ECO "D03"]
[WhiteElo "2432"]
[BlackElo "2362"]
[Annotator "NA"]
[PlyCount "72"]
[EventDate "2021.03.27"]
[EventType "team-tourn"]
[EventCountry "NET"]
[SourceTitle "playchess.com"]
[Source "ChessBase"]
[SourceQuality "1"]
[TimeControl "900+5"]

1. d4 Nf6 2. Nf3 e6 3. Bg5 h6 4. Bh4 b6 5. Nbd2 Bb7 6. e3 c5 7. Bd3 Be7 8. c3 O-O 9. O-O d5 10. Ne5 Nbd7 11. f4 Ne4 12. Bxe7 Qxe7 13. Qc2 Ndf6 14. Nxe4 dxe4 15. Bc4 cxd4 16. exd4 Rac8 17. f5 Bd5 18. Bb3 Rfd8 19. Qe2 Bxb3 20. axb3 a5 21. Qb5 exf5 22. Qxb6 Nd5 23. Qxa5 Qg5 24. Qb5 f4 25. Rf2 f6 26. Nc6 Rd6 27. Nb4 Nxb4 28. Qxb4 Rd5 29. Qb7 Re8 30. Ra7 f3 31. Qf7+ Kh7 32. Qxe8 Qc1+ 33. Rf1 Qe3+ 34. Kh1 fxg2+ 35. Kxg2 Rg5+ 36. Kh1 Qe2 0-1

[Event "European Online Club-ch-A 2021"]
[Site "Online"]
[Date "2021.03.27"]
[Round "5.10"]
[White "Bacrot, Etienne"]
[Black "Schmidek, Emil"]
[Result "1-0"]
[ECO "B10"]
[WhiteElo "2678"]
[BlackElo "2402"]
[Annotator "ChessBase"]
[PlyCount "145"]
[EventDate "2021.03.27"]
[EventType "team-tourn"]
[EventCountry "NET"]
[SourceTitle "playchess.com"]
[Source "ChessBase"]
[SourceQuality "1"]
[TimeControl "900+5"]

1. e4 c6 2. Nf3 d5 3. d3 Bg4 4. Nbd2 e6 5. h3 Bxf3 6. Nxf3 dxe4 7. dxe4 Qxd1+ 8. Kxd1 Bc5 9. Ke1 Nf6 10. Bd3 h6 11. Ke2 Nbd7 12. e5 Nd5 13. c4 Ne7 14. Bd2 a5 15. g3 Ng6 16. Bxg6 fxg6 17. h4 Ke7 18. Rhd1 Rhf8 19. Bf4 Rad8 20. Rd3 Nb6 21. Rxd8 Rxd8 22. b3 Nd7 23. Bd2 Bb4 24. Rd1 Rf8 25. Be3 Bc3 26. Rc1 Bb2 27. Rc2 Ba1 28. Bf4 Rf5 29. Bd2 Nxe5 30. Nxe5 Rxe5+ 31. Kd3 Rf5 32. f4 h5 33. Ke4 c5 34. Bxa5 e5 35. Bc7 Kd7 36. Bb8 Ke6 37. Rd2 Bd4 38. a3 g5 39. hxg5 h4 40. Bxe5 Bxe5 41. fxe5 Rxe5+ 42. Kf4 hxg3 43. Rg2 Rf5+ 44. Kg4 g6 45. Rxg3 Rf1 46. Re3+ Kd6 47. Rd3+ Ke6 48. Re3+ Kd6 49. Rh3 Rg1+ 50. Kf4 Rf1+ 51. Ke4 Rg1 52. Rd3+ Ke6 53. Rd5 b6 54. Rd8 Rg3 55. Rf8 Rxg5 56. Rb8 Rg4+ 57. Kf3 Rd4 58. Rxb6+ Kf5 59. Rb5 Rd3+ 60. Ke2 Ke4 61. a4 Rh3 62. a5 Rh2+ 63. Kf1 Kf3 64. Kg1 Rg2+ 65. Kh1 Rb2 66. Rxc5 Rxb3 67. Rg5 Ra3 68. Kh2 Ra4 69. Rg3+ Ke4 70. Rg4+ Kf5 71. Rg2 Rxa5 72. Rc2 Rc5 73. Kg3 1-0

[Event "European Online Club-ch-A 2021"]
[Site "Online"]
[Date "2021.03.27"]
[Round "5.12"]
[White "Naiditsch, Arkadij"]
[Black "Wintzer, Joachim"]
[Result "1-0"]
[ECO "B11"]
[WhiteElo "2649"]
[BlackElo "2274"]
[Annotator "ChessBase"]
[PlyCount "57"]
[EventDate "2021.03.27"]
[EventType "team-tourn"]
[EventCountry "NET"]
[SourceTitle "playchess.com"]
[Source "ChessBase"]
[SourceQuality "1"]
[TimeControl "900+5"]

1. e4 c6 2. Nc3 d5 3. Nf3 Bg4 4. h3 Bxf3 5. Qxf3 e6 6. d3 Nd7 7. Be2 d4 8. Nb1 e5 9. O-O Ne7 10. c3 c5 11. cxd4 cxd4 12. Bd1 Nc6 13. Qg3 g6 14. f4 Bg7 15. Bb3 Na5 16. Bd5 Nb6 17. b4 Nc6 18. Bb3 O-O 19. f5 Kh8 20. Ba3 gxf5 21. Rxf5 Ne7 22. Rh5 Ng6 23. Kh2 Rc8 24. b5 Qd7 25. Bxf8 Rxf8 26. Nd2 Qxb5 27. Rf1 Nf4 28. Qxf4 Qxb3 29. Qf5 1-0

[Event "European Online Club-ch-A 2021"]
[Site "Online"]
[Date "2021.03.27"]
[Round "5.13"]
[White "Zavgorodniy, Sergiy"]
[Black "Finek, Vaclav"]
[Result "0-1"]
[ECO "C44"]
[WhiteElo "2418"]
[BlackElo "2361"]
[Annotator "NA"]
[PlyCount "52"]
[EventDate "2021.03.27"]
[EventType "team-tourn"]
[EventCountry "NET"]
[SourceTitle "playchess.com"]
[Source "ChessBase"]
[SourceQuality "1"]
[TimeControl "900+5"]

1. e4 e5 2. Nf3 Nf6 3. d3 Nc6 4. Be2 Be7 5. O-O O-O 6. c3 d6 7. Re1 h6 8. Nbd2 Re8 9. Nf1 Be6 10. Ng3 Qd7 11. h3 Rad8 12. Qc2 d5 13. Bf1 Bd6 14. Nh4 Ne7 15. Qe2 c6 16. Qf3 Nh7 17. Nh5 Ng6 18. Qg3 Ng5 19. Be2 dxe4 20. Nxg6 fxg6 21. h4 exd3 22. hxg5 dxe2 23. gxh6 gxh5 24. Rxe2 Qf7 25. Bg5 Rd7 26. Rd1 Bg4 0-1

[Event "European Online Club-ch-A 2021"]
[Site "Online"]
[Date "2021.03.27"]
[Round "5.14"]
[White "Hrbek, Stepan"]
[Black "Grinev, Valeriy"]
[Result "1/2-1/2"]
[ECO "B39"]
[WhiteElo "2230"]
[BlackElo "2441"]
[Annotator "NA"]
[PlyCount "81"]
[EventDate "2021.03.27"]
[EventType "team-tourn"]
[EventCountry "NET"]
[SourceTitle "playchess.com"]
[Source "ChessBase"]
[SourceQuality "1"]
[TimeControl "900+5"]

1. c4 c5 2. Nf3 Nc6 3. d4 cxd4 4. Nxd4 g6 5. e4 Bg7 6. Be3 Nf6 7. Nc3 Ng4 8. Qxg4 Nxd4 9. Qd1 e5 10. Bd3 O-O 11. O-O b6 12. Nd5 Bb7 13. Rc1 f5 14. Bxd4 exd4 15. exf5 Bxd5 16. cxd5 gxf5 17. Qh5 Qf6 18. Rfe1 Qg6 19. Qxg6 hxg6 20. Rc7 Rfe8 21. Kf1 Rxe1+ 22. Kxe1 d6 23. Bb5 d3 24. b3 a5 25. Kd2 Bd4 26. f3 Kh8 27. Kxd3 Bg1 28. h3 Rg8 29. Bd7 Rg7 30. Rc8+ Kh7 31. Be6 Ra7 32. Kc4 Kg7 33. Kb5 Kf6 34. Rc6 Bc5 35. a4 Ke5 36. Rc8 Rh7 37. Rg8 Kf6 38. Rf8+ Ke5 39. Rg8 Kf6 40. Rf8+ Ke5 41. Rg8 1/2-1/2

[Event "European Online Club-ch-A 2021"]
[Site "Online"]
[Date "2021.03.27"]
[Round "5.15"]
[White "Vovk, Orest"]
[Black "Nemec, Jachym"]
[Result "1/2-1/2"]
[ECO "A00"]
[WhiteElo "2315"]
[BlackElo "2229"]
[Annotator "NA"]
[PlyCount "200"]
[EventDate "2021.03.27"]
[EventType "team-tourn"]
[EventCountry "NET"]
[SourceTitle "playchess.com"]
[Source "ChessBase"]
[SourceQuality "1"]
[TimeControl "900+5"]

1. g4 d5 2. h3 e5 3. Bg2 Be6 4. d3 Nd7 5. c3 Be7 6. Nf3 Ngf6 7. Ng5 O-O 8. Nxe6 fxe6 9. Nd2 c6 10. Nf3 Bd6 11. Qc2 e4 12. dxe4 Nxe4 13. Be3 Qc7 14. Nd4 Rae8 15. Bxe4 dxe4 16. Qxe4 Nc5 17. Qc2 Bf4 18. Qc1 Ne4 19. Bxf4 Rxf4 20. f3 Ng3 21. Rg1 e5 22. Qe3 Qf7 23. Nf5 Nxf5 24. gxf5 Rxf5 25. Qxa7 e4 26. fxe4 Rxe4 27. O-O-O h6 28. Rd8+ Kh7 29. Rd2 Ree5 30. a3 Rb5 31. Qd4 Rf1+ 32. Rxf1 Qxf1+ 33. Kc2 Qf7 34. Qd3+ Kg8 35. Qd8+ Kh7 36. Qd3+ Kg8 37. c4 Rc5 38. Qd8+ Kh7 39. Qd3+ Kg8 40. Kc3 b5 41. Qd8+ Kh7 42. Qd3+ Kg8 43. b3 bxc4 44. bxc4 Qa7 45. Qd8+ Kh7 46. Qd3+ Kg8 47. Kb2 Qa4 48. Qd8+ Kh7 49. Qd3+ Kg8 50. Rc2 Qa5 51. Qc3 Qb6+ 52. Qb4 Qa7 53. e4 Re5 54. c5 Qe7 55. Rc4 Qf6 56. Kb3 Qf3+ 57. Qc3 Qd1+ 58. Qc2 Qf3+ 59. Rc3 Qf7+ 60. Kb2 Qf4 61. Rc4 Qf3 62. Qc3 Qe2+ 63. Kb3 Qd1+ 64. Qc2 Qf3+ 65. Rc3 Qf7+ 66. Kb2 Qe6 67. Qb3 Rxe4 68. Qxe6+ Rxe6 69. Kb3 Re7 70. Kb4 Rb7+ 71. Ka5 Rb5+ 72. Ka6 Kf7 73. a4 Rb4 74. a5 Rb5 75. Ra3 Ke6 76. Ka7 Kd5 77. a6 Kxc5 78. Rf3 Kd4 79. Rf7 c5 80. Rxg7 c4 81. Rg6 h5 82. Rb6 Rxb6 83. Kxb6 c3 84. a7 c2 85. a8=Q c1=Q 86. Qh8+ Ke4 87. Qxh5 Qb2+ 88. Kc6 Qc3+ 89. Kd6 Qb4+ 90. Ke6 Qb6+ 91. Kf7 Qc7+ 92. Kg8 Qd8+ 93. Kg7 Qe7+ 94. Kh6 Qf8+ 95. Kh7 Qe7+ 96. Kg8 Qd8+ 97. Kg7 Qe7+ 98. Kh6 Qf8+ 99. Kh7 Qe7+ 100. Kg8 Qd8+ 1/2-1/2

[Event "European Online Club-ch-A 2021"]
[Site "Online"]
[Date "2021.03.27"]
[Round "5.16"]
[White "Smolik, Jachym"]
[Black "Hulka, Valentyn"]
[Result "1-0"]
[ECO "D95"]
[WhiteElo "2073"]
[BlackElo "2089"]
[Annotator "NA"]
[PlyCount "73"]
[EventDate "2021.03.27"]
[EventType "team-tourn"]
[EventCountry "NET"]
[SourceTitle "playchess.com"]
[Source "ChessBase"]
[SourceQuality "1"]
[TimeControl "900+5"]

1. d4 Nf6 2. Nf3 g6 3. c4 Bg7 4. Nc3 d5 5. Qb3 c6 6. e3 O-O 7. Bd2 a5 8. c5 Nbd7 9. Na4 Ne4 10. Bc3 e5 11. Be2 Qe7 12. Rc1 Re8 13. O-O Nxc3 14. bxc3 e4 15. Nd2 Qg5 16. Kh1 Rb8 17. Rfe1 Nf6 18. Nb6 Bg4 19. Nf1 Qh4 20. Kg1 Bh6 21. c4 Rbd8 22. cxd5 Nxd5 23. Bc4 Be6 24. Ng3 f5 25. Bxd5 cxd5 26. Ne2 g5 27. c6 bxc6 28. Rxc6 Bf7 29. Rf6 f4 30. g3 Qh3 31. exf4 Bg7 32. Rxf7 Kxf7 33. Nxd5 Qe6 34. Nec3 Bxd4 35. Rxe4 Qh3 36. Ne7+ Kf8 37. Qg8# 1-0

[Event "European Online Club-ch-A 2021"]
[Site "Online"]
[Date "2021.03.27"]
[Round "5.17"]
[White "Valdes Escobar, Alvaro"]
[Black "Durak, Can"]
[Result "1-0"]
[ECO "D36"]
[WhiteElo "2355"]
[BlackElo "2187"]
[Annotator "NA"]
[PlyCount "103"]
[EventDate "2021.03.27"]
[EventType "team-tourn"]
[EventCountry "NET"]
[SourceTitle "playchess.com"]
[Source "ChessBase"]
[SourceQuality "1"]
[TimeControl "900+5"]

1. d4 d5 2. c4 e6 3. Nc3 Nf6 4. cxd5 exd5 5. Bg5 c6 6. e3 Be7 7. Qc2 Nbd7 8. Bd3 Nh5 9. Bxe7 Qxe7 10. Nge2 Nb6 11. O-O g6 12. Rae1 O-O 13. Nc1 Ng7 14. f3 Bf5 15. Qf2 Rad8 16. Bxf5 Nxf5 17. Nb3 Qd6 18. Nc5 Qc7 19. Rd1 Nc4 20. Rfe1 b6 21. Nb3 Nfxe3 22. Rxe3 Nxe3 23. Qxe3 Rfe8 24. Qf2 Re6 25. Re1 Rde8 26. Rxe6 Rxe6 27. Nc1 Qe7 28. Nd3 Qg5 29. f4 Qe7 30. h3 b5 31. a3 a5 32. Kf1 b4 33. axb4 axb4 34. Ne2 Qa7 35. Qe1 Qe7 36. Qd2 Re4 37. Nc5 Re3 38. Kf2 Re4 39. Nxe4 Qxe4 40. Qxb4 g5 41. Qb8+ Kg7 42. Qe5+ Qxe5 43. fxe5 Kg6 44. g4 h5 45. Ng3 hxg4 46. hxg4 f6 47. e6 Kg7 48. Nf5+ Kf8 49. Ke3 Ke8 50. Kd3 Kf8 51. Kc3 Ke8 52. Kb4 1-0

[Event "European Online Club-ch-A 2021"]
[Site "Online"]
[Date "2021.03.27"]
[Round "5.18"]
[White "Gurel, Ediz"]
[Black "Fitzsimons, David"]
[Result "1/2-1/2"]
[ECO "B02"]
[WhiteElo "2168"]
[BlackElo "2324"]
[Annotator "NA"]
[PlyCount "110"]
[EventDate "2021.03.27"]
[EventType "team-tourn"]
[EventCountry "NET"]
[SourceTitle "playchess.com"]
[Source "ChessBase"]
[SourceQuality "1"]
[TimeControl "900+5"]

1. e4 Nf6 2. Nc3 d5 3. exd5 Nxd5 4. Bc4 Nb6 5. Bb3 Nc6 6. Nge2 Bf5 7. O-O e6 8. d4 Be7 9. Be3 O-O 10. Ng3 Bg6 11. Nce2 Na5 12. Nf4 Nxb3 13. axb3 Nd5 14. Nxg6 hxg6 15. c4 Nxe3 16. fxe3 c5 17. Qd3 Qb6 18. Rad1 Rad8 19. Kh1 Rd7 20. dxc5 Rxd3 21. cxb6 Rxd1 22. Rxd1 axb6 23. Kg1 Ra8 24. Ne4 f5 25. Rd7 Kf8 26. Nc3 Bc5 27. Rxb7 Bxe3+ 28. Kf1 Ra1+ 29. Ke2 Bd4 30. Nb5 Bg1 31. Nc7 Ke7 32. Nd5+ Kd6 33. Nc3 Ke5 34. Rxg7 Kf6 35. Rb7 g5 36. h3 Bd4 37. Nb5 Bc5 38. b4 Bxb4 39. Rxb6 Rb1 40. Nd4 Bc5 41. Rxe6+ Kf7 42. Re5 Bxd4 43. Rxf5+ Kg6 44. Rb5 Rxb2+ 45. Rxb2 Bxb2 46. g4 Kf6 47. Kf3 Ke5 48. h4 gxh4 49. Kg2 Kf4 50. c5 Kxg4 51. c6 Be5 52. c7 Bxc7 53. Kh1 Kh3 54. Kg1 Bb6+ 55. Kh1 Kg3 1/2-1/2

[Event "European Online Club-ch-A 2021"]
[Site "Online"]
[Date "2021.03.27"]
[Round "5.19"]
[White "Pein, Malcolm"]
[Black "Emir, Doruk"]
[Result "0-1"]
[ECO "E97"]
[WhiteElo "2309"]
[BlackElo "1852"]
[Annotator "NA"]
[PlyCount "76"]
[EventDate "2021.03.27"]
[EventType "team-tourn"]
[EventCountry "NET"]
[SourceTitle "playchess.com"]
[Source "ChessBase"]
[SourceQuality "1"]
[TimeControl "900+5"]

1. d4 Nf6 2. c4 g6 3. Nc3 Bg7 4. e4 d6 5. Nf3 O-O 6. Be2 e5 7. O-O Nc6 8. d5 Ne7 9. b4 Ne8 10. c5 f5 11. a4 f4 12. Ba3 h6 13. b5 g5 14. Nd2 dxc5 15. Bxc5 Nd6 16. Bg4 Ng6 17. Bxc8 Qxc8 18. a5 g4 19. b6 axb6 20. axb6 Rxa1 21. Qxa1 f3 22. g3 Nf4 23. bxc7 Nh3+ 24. Kh1 Qxc7 25. Qa3 Rc8 26. Nb3 Bf8 27. Qb4 b6 28. Bxd6 Bxd6 29. Qb5 Qxc3 30. Qd7 Nxf2+ 31. Kg1 Nh3+ 32. Kh1 Bf8 33. Qxg4+ Ng5 34. h4 Qd3 35. Nd2 Qe2 36. Rxf3 Rc1+ 37. Rf1 Rxf1+ 38. Nxf1 Qxg4 0-1

[Event "European Online Club-ch-A 2021"]
[Site "Online"]
[Date "2021.03.27"]
[Round "5.20"]
[White "Tinmaz, Kerem"]
[Black "De Verdier, Michael"]
[Result "0-1"]
[ECO "B03"]
[WhiteElo "1614"]
[BlackElo "2291"]
[Annotator "NA"]
[PlyCount "110"]
[EventDate "2021.03.27"]
[EventType "team-tourn"]
[EventCountry "NET"]
[SourceTitle "playchess.com"]
[Source "ChessBase"]
[SourceQuality "1"]
[TimeControl "900+5"]

1. e4 Nf6 2. e5 Nd5 3. c4 Nb6 4. d4 d6 5. f4 dxe5 6. fxe5 c5 7. d5 g6 8. Nf3 Bg7 9. Bf4 O-O 10. Nc3 Bg4 11. h3 Bxf3 12. Qxf3 N8d7 13. Qe3 Qb8 14. e6 Ne5 15. Be2 Nexc4 16. Qe4 Nd6 17. Bxd6 Qxd6 18. O-O f5 19. Qd3 Rad8 20. Bf3 c4 21. Qd2 Qc5+ 22. Kh1 Rd6 23. Rad1 Rfd8 24. Qf4 Bxc3 25. bxc3 Nxd5 26. Qe5 b6 27. g4 Ne3 28. Qxc5 bxc5 29. Rxd6 Rxd6 30. Re1 f4 31. a4 Kg7 32. Rb1 Rb6 33. Rc1 Kf6 34. Kg1 Kxe6 35. a5 Rb2 36. a6 Kd6 37. h4 e5 38. h5 Rb6 39. hxg6 hxg6 40. Ra1 Rb3 41. g5 Rxc3 42. Be4 Nf5 43. Rd1+ Nd4 44. Kf2 Rg3 45. Rb1 Nb3 46. Rd1+ Kc7 47. Bxg6 Rxg5 48. Be4 Rg3 49. Rd5 Re3 50. Bh7 Kb6 51. Rd6+ Kb5 52. Bf5 Nd4 53. Bc8 c3 54. Bd7+ Ka5 55. Rd5 Kb4 0-1

[Event "European Online Club-ch-A 2021"]
[Site "Online"]
[Date "2021.03.27"]
[Round "6.1"]
[White "Horvath, Laszlo"]
[Black "Celik, Hasan Huseyin"]
[Result "0-1"]
[ECO "C01"]
[WhiteElo "2183"]
[BlackElo "2173"]
[Annotator "NA"]
[PlyCount "148"]
[EventDate "2021.03.27"]
[EventType "team-tourn"]
[EventCountry "NET"]
[SourceTitle "playchess.com"]
[Source "ChessBase"]
[SourceQuality "1"]
[TimeControl "900+5"]

1. e4 e6 2. d4 d5 3. exd5 exd5 4. Nf3 Bd6 5. Bd3 Ne7 6. O-O Nbc6 7. c3 Bg4 8. Bg5 f6 9. Bh4 Qd7 10. Nbd2 g5 11. Bg3 Bxg3 12. hxg3 O-O-O 13. b4 Ng6 14. Qa4 Kb8 15. Bb5 Nge7 16. Rfe1 Rde8 17. Rab1 h5 18. c4 dxc4 19. Ne4 Rhf8 20. Bxc4 Nxd4 21. Qxd7 Nxf3+ 22. gxf3 Bxd7 23. Nc5 Bc8 24. Bb5 c6 25. Bd3 Nf5 26. Rxe8 Rxe8 27. b5 Kc7 28. bxc6 bxc6 29. Na6+ Bxa6 30. Bxa6 Nd6 31. Bd3 Re5 32. Kg2 c5 33. Rc1 Kc6 34. Bg6 h4 35. gxh4 gxh4 36. f4 Re2 37. a3 f5 38. Rc3 c4 39. Bh5 Rxf2+ 40. Kxf2 Ne4+ 41. Ke3 Nxc3 42. Kd4 Nb5+ 43. Kxc4 Nxa3+ 44. Kb4 Nc2+ 45. Kc3 Ne3 46. Kd4 Ng4 47. Bg6 Nh6 48. Ke3 a5 49. Kf3 Kc5 50. Be8 Kd4 51. Bc6 Ng8 52. Kg2 Ke3 53. Kh3 Ne7 54. Bd7 Kxf4 55. Kxh4 Ke3 56. Kh3 f4 57. Kg2 f3+ 58. Kf1 f2 59. Bb5 Nf5 60. Kg2 Nd4 61. Ba4 Nf3 62. Bb5 Nd2 63. Kg3 f1=Q 64. Bxf1 Nxf1+ 65. Kg4 a4 66. Kg5 a3 67. Kh6 a2 68. Kh7 a1=Q 69. Kg8 Ng3 70. Kh7 Nf5 71. Kg6 Kf4 72. Kh5 Qh8+ 73. Kg6 Qg7+ 74. Kh5 Qh6# 0-1

[Event "European Online Club-ch-A 2021"]
[Site "Online"]
[Date "2021.03.27"]
[Round "6.2"]
[White "Durak, Can"]
[Black "Krieger, Markus"]
[Result "1-0"]
[ECO "E21"]
[WhiteElo "2187"]
[BlackElo "2050"]
[Annotator "NA"]
[PlyCount "69"]
[EventDate "2021.03.27"]
[EventType "team-tourn"]
[EventCountry "NET"]
[SourceTitle "playchess.com"]
[Source "ChessBase"]
[SourceQuality "1"]
[TimeControl "900+5"]

1. d4 Nf6 2. c4 e6 3. Nc3 Bb4 4. e3 b6 5. Bd2 Bb7 6. Nf3 O-O 7. Rc1 c5 8. a3 Bxc3 9. Bxc3 Ne4 10. Be2 d6 11. O-O Nxc3 12. Rxc3 Qe7 13. Qd2 Nd7 14. Rd1 Nf6 15. Qc2 Rfd8 16. Qa4 Ne4 17. Rcd3 Ng5 18. Nxg5 Qxg5 19. Bf1 Be4 20. R3d2 Bf3 21. Re1 a5 22. Qb5 h5 23. Qxb6 Rab8 24. Qxa5 h4 25. h3 Be4 26. Qc3 f5 27. dxc5 dxc5 28. Red1 Rxd2 29. Rxd2 Rf8 30. Qe5 Qg6 31. Rd6 Rf6 32. Rd8+ Kh7 33. Qb8 Qf7 34. Rh8+ Kg6 35. Be2 1-0

[Event "European Online Club-ch-A 2021"]
[Site "Online"]
[Date "2021.03.27"]
[Round "6.3"]
[White "Frick, Renato"]
[Black "Gurel, Ediz"]
[Result "0-1"]
[ECO "B85"]
[WhiteElo "1947"]
[BlackElo "2168"]
[Annotator "NA"]
[PlyCount "50"]
[EventDate "2021.03.27"]
[EventType "team-tourn"]
[EventCountry "NET"]
[SourceTitle "playchess.com"]
[Source "ChessBase"]
[SourceQuality "1"]
[TimeControl "900+5"]

1. e4 c5 2. Nf3 e6 3. d4 cxd4 4. Nxd4 Nc6 5. Nc3 Qc7 6. Be3 a6 7. Be2 Nf6 8. O-O Be7 9. Kh1 O-O 10. f4 d6 11. g4 Nxd4 12. Bxd4 e5 13. Be3 exf4 14. Rxf4 Be6 15. Qd2 Nd7 16. Raf1 Bg5 17. R4f2 Bxe3 18. Qxe3 Ne5 19. g5 b5 20. Rf6 gxf6 21. gxf6 Kh8 22. Rf4 Qc5 23. Qc1 Rg8 24. Rh4 Qf2 25. Rf4 Qg2# 0-1

[Event "European Online Club-ch-A 2021"]
[Site "Online"]
[Date "2021.03.27"]
[Round "6.4"]
[White "Emir, Doruk"]
[Black "Weissenhofer, Jonas"]
[Result "1-0"]
[ECO "A05"]
[WhiteElo "1852"]
[BlackElo "1719"]
[Annotator "NA"]
[PlyCount "55"]
[EventDate "2021.03.27"]
[EventType "team-tourn"]
[EventCountry "NET"]
[SourceTitle "playchess.com"]
[Source "ChessBase"]
[SourceQuality "1"]
[TimeControl "900+5"]

1. Nf3 Nf6 2. g3 g6 3. Bg2 Bg7 4. O-O O-O 5. d3 d6 6. e4 c5 7. a4 Nc6 8. Na3 a6 9. c3 Rb8 10. Qe2 b5 11. axb5 axb5 12. Bd2 b4 13. Nc4 Be6 14. e5 Ne8 15. Ng5 Nxe5 16. Nxe5 dxe5 17. Nxe6 fxe6 18. Ra7 Nd6 19. Rfa1 Nb5 20. R7a6 Nd6 21. Bh3 Qc8 22. Bg5 Bf6 23. Qg4 Kf7 24. Bh6 Bg7 25. Rxd6 exd6 26. Ra7+ Rb7 27. Rxb7+ Qxb7 28. Qxe6# 1-0